 Dungeon Crawl Stone Soup version 0.29.0-13-gc9e81de378 (webtiles) character file.

Game seed: 11910214777623677617

10844 Artool the Fighter (level 11, -3/80 HPs)
             Began as a Demonspawn Gladiator on Sept 8, 2022.
             Was an Elder of Hepliaklqana.
             Slain by a cane toad (15 damage)
             ... on level 11 of the Dungeon.
             The game lasted 00:38:59 (16101 turns).

Artool the Fighter (Demonspawn Gladiator)          Turns: 16101, Time: 00:39:02

Health: -3/80      AC: 10    Str: 23    XL:     11   Next: 41%
Magic:  11/11      EV: 16    Int: 10    God:    Hepliaklqana [****..]
Gold:   590        SH:  0    Dex: 16    Spells: 10/10 levels left

rFire   . . .      SeeInvis +   b - +2 dire flail
rCold   . . .      Faith    .   (shield currently unavailable)
rNeg    . . .      Spirit   .   Y - +0 leather armour of Card Tricks {Rampage +Inv Stlth+}
rPois   .          Reflect  .   F - +2 helmet
rElec   .          Harm     .   B - scarf {repulsion}
rCorr   .          Rampage  +   (no gloves)
Will    .....                   O - +0 pair of boots
Stlth   ++........              (no amulet)
HPRegen 0.23/turn               m - +6 ring of strength
MPRegen 0.12/turn               v - ring of see invisible

@: lethally poisoned (-3 -> -22), repel missiles
A: reduced essence, claws 2, molten scales 1, demonic guardian 2, ignite blood 1
a: Renounce Religion, Evoke Invisibility, Recall Ancestor, Ancestor Identity,
Transference, Idealise


You were on level 11 of the Dungeon.
You worshipped Hepliaklqana.
Hepliaklqana was greatly pleased with you.
You visited 4 branches of the dungeon, and saw 15 of its levels.

You collected 590 gold pieces.

Inventory:

Hand Weapons
 b - a +2 dire flail (weapon)
 K - the +7 short sword "Liddafeq" {chaos, rC+}
   (You took it off a kobold brigand on level 5 of the Dungeon)

   Each time it hits an enemy it has a different, random effect.
   rC:        It protects you from cold.
Missiles
 d - 4 throwing nets
 e - 6 javelins
 y - 10 atropa-tipped darts
 J - 40 poisoned darts
 L - 9 curare-tipped darts
 M - 4 boomerangs (quivered)
Armour
 B - a scarf of repulsion (worn)
 F - a +2 helmet (worn)
 O - a +0 pair of boots (worn)
 Y - the +0 leather armour of Card Tricks (worn) {Rampage +Inv Stlth+}
   (You found it on level 9 of the Dungeon)

   +Inv:      It lets you turn invisible.
   Rampage:   It bestows one free step when moving towards enemies.
   Stlth:     It makes you more stealthy.
Jewellery
 a - a ring of positive energy
 f - a ring of positive energy
 h - a ring of ice
 k - a +6 ring of dexterity
 m - a +6 ring of strength (left claw)
 v - a ring of see invisible (right claw)
 x - a ring of willpower
 U - a ring of protection from cold
Wands
 P - a wand of charming (12)
 R - a wand of iceblast (14)
 S - a wand of quicksilver (5)
Scrolls
 g - 5 scrolls of noise {unknown}
 n - 6 scrolls of teleportation {unknown}
 o - 4 scrolls of butterflies {unknown}
 t - 3 scrolls of fear {unknown}
 u - 9 scrolls of identify {unknown}
 A - a scroll of immolation {unknown}
 C - 2 scrolls of vulnerability {unknown}
 E - 3 scrolls of torment {unknown}
 G - a scroll of brand weapon {unknown}
 H - 2 scrolls of enchant armour {unknown}
 N - a scroll of enchant weapon {unknown}
 V - 2 scrolls of magic mapping {unknown}
 Z - a scroll of blinking {unknown}
Potions
 c - 3 potions of brilliance {unknown}
 i - 3 potions of degeneration {unknown}
 j - 2 potions of might {unknown}
 l - 3 potions of invisibility {unknown}
 p - a potion of flight {unknown}
 q - 4 potions of curing {unknown}
 r - 4 potions of heal wounds {unknown}
 s - 3 potions of cancellation {unknown}
 w - 4 potions of haste {unknown}
 z - 3 potions of attraction {unknown}
 I - 2 potions of mutation {unknown}
 Q - a potion of resistance {unknown}
 X - a potion of ambrosia {unknown}


   Skills:
 + Level 9.4 Fighting
 + Level 8.9 Maces & Flails
 - Level 1.7 Throwing
 + Level 8.3 Armour
 + Level 8.9 Dodging


You had 10 spell levels left.
You didn't know any spells.
Your spell library contained the following spells:

 Spells                   Type           Power      Damage    Failure   Level
 Necrotise                Necr           0%         1d4       38%         1
 Sandblast                Erth           0%         2d4       38%         1
 Passwall                 Tmut/Erth      0%         N/A       54%         2
 Static Discharge         Conj/Air       0%         3-3/arc   54%         2
 Call Canine Familiar     Summ           0%         N/A       77%         3
 Conjure Flame            Conj/Fire      0%         6-21      77%         3
 Ignite Poison            Fire/Tmut/Pois 0%         N/A       77%         3
 Inner Flame              Hex/Fire       0%         N/A       77%         3
 Portal Projectile        Hex/Tloc       0%         N/A       77%         3
 Stone Arrow              Conj/Erth      0%         3d7       77%         3
 Tukima's Dance           Hex            0%         N/A       77%         3
 Vampiric Draining        Necr           0%         2d6       77%         3
 Cause Fear               Hex            0%         N/A       99%         4
 Dispel Undead            Necr           0%         3d6       99%         4
 Leda's Liquefaction      Hex/Erth       0%         N/A       99%         4
 Sticky Flame             Conj/Fire      0%         2d3       99%         4
 Agony                    Necr           0%         N/A       100%        5
 Blade Hands              Tmut           0%         N/A       100%        5
 Malign Gateway           Summ/Tloc      0%         N/A       100%        7
 Discord                  Hex            0%         N/A       100%        8
 Summon Horrible Things   Summ           0%         N/A       100%        8


Dungeon Overview and Level Annotations

Branches:
Dungeon (12/15)            Temple (1/1) D:4            Lair (1/5) D:11
    Orc (1/2) D:10

Altars:
Ashenzari
Cheibriados
Dithmenos
Fedhas
Gozag
Hepliaklqana
Kikubaaqudgha
Makhleb
Nemelex Xobeh
Okawaru
Qazlal
Ru
Sif Muna
Trog
Uskayaw
Vehumet
Wu Jian
Xom
Yredelemnul

Shops:
D:5 :   Orc:1 [

Annotations:
D:11 exclusion: oklob plant


Innate Abilities, Weirdness & Mutations

Your life essence is reduced to manifest your ancestor. (-10% HP)
You have very sharp fingernails.
You are partially covered in molten scales. (AC +2)
A demonic guardian rushes to your aid.
Your demonic aura sometimes causes spilled blood to erupt in flames.


Message History

There is a staircase to the Lair, spattered with blood here.
You completely miss the yak. The cane toad barely misses you.
Zosia hits the yak with a +0 dagger of draining.
You hit the yak.
The yak is moderately wounded.
The yak closely misses you. The yak gores you!
Zosia barely misses the yak.
The cane toad closely misses you.
You are too injured to fight recklessly!
You are too injured to fight recklessly!
You are too injured to fight recklessly!
You are too injured to fight recklessly!
You are too injured to fight recklessly!
You are too injured to fight recklessly!
You are too injured to fight recklessly!
You are too injured to fight recklessly!
You are too injured to fight recklessly!
You are too injured to fight recklessly!
You are too injured to fight recklessly!
You are too injured to fight recklessly!
You are too injured to fight recklessly!
You are too injured to fight recklessly!
You are too injured to fight recklessly!
You are too injured to fight recklessly!
You are too injured to fight recklessly!
You completely miss the cane toad.
Zosia hits the yak with a +0 dagger of draining!
The yak gores you.
The yak is engulfed in blazing flames.
The yak misses you. The cane toad stings you!
* * * LOW HITPOINT WARNING * * *
A demonic guardian appears!
You are lethally poisoned!
The cane toad poisons you!
Zosia hits the yak with a +0 dagger of draining.
The yak attacks as you move away! The yak closely misses you.
* * * LOW HITPOINT WARNING * * *
You feel very sick.
Zosia hits the yak with a +0 dagger of draining!
The yak dies!
The cane toad stings you!
You die...

~~~...P#PP#....#....#.......###'#
≈≈≈R..##P##....######.......#....
≈~≈~~.PPPP##................#....
.~~≈~.PPP# #....)...[.......#....
.~≈≈~.PPPP##................#....
.≈≈≈≈.PPPP##...........)....'....
≈~≈~~.PP#P##..........[.)...##'##
~≈≈~...#P###................#....
~≈≈..PPP# #####R@...........#....
~~...#### #...#Y°F4.........#....


...PPPPP# #^..#.............#.... PP#PPP#.P #...'.............'....
P#PPP#.P.######.............#.... #PPPPP.#PP#.................#.... .PPPP.PP
#.................#.... ###########.................#....
#......................'.... You could see the friendly Zosia the hexer, a yak,
a cane toad (ally target) and a friendly ice devil (summoned).

Vanquished Creatures
  2 two-headed ogres
  Sonja (D:11)
  A kobold demonologist (D:10)
  A troll (D:11)
  A hornet (D:6)
  A wraith (D:11)
  4 yaks
  3 shadows
  Grum (D:8)
  An acid dragon (D:9)
  An ice beast (D:5)
  6 orc warriors
  2 ogres (D:5)
  3 wolves (D:8)
  5 centaurs
  3 phantoms
  5 kobold brigands
  4 bullfrogs
  A necrophage (D:6)
  2 scorpions
  2 gnoll sergeants (D:10)
  7 wights
  A killer bee (D:9)
  3 howler monkeys
  2 hounds (D:7)
  Crazy Yiuf (D:6)
  2 orc priests
  3 iguanas
  A hexer (D:11)
  Natasha (thrice) (D:2)
  4 orc wizards
  7 gnolls (D:10)
  5 adders
  2 shadow imps
  A white imp (D:7)
  2 ufetubi
  33 orcs
  13 endoplasms
  3 giant cockroaches
  7 goblins
  6 hobgoblins
  3 quokkas
  12 ball pythons
  8 bats
  A frilled lizard (D:1)
  24 kobolds
  3 rats (D:1)
207 creatures vanquished.

Vanquished Creatures (collateral kills)
  Gastronok (D:11)
  A gargoyle (D:11)
  3 yaks
  A wraith (D:10)
  Menkaure (D:7)
  A water moccasin (D:5)
  An ice beast (D:7)
  3 orc warriors
  A wolf (D:8)
  A kobold brigand (D:9)
  6 wights
  2 killer bees (D:9)
  2 electric eels (D:7)
  A howler monkey (D:10)
  A lava snake (D:7)
  A hound (D:5)
  An iguana (D:6)
  5 orc wizards
  Robin (D:2)
  5 gnolls
  7 orcs
  An endoplasm (D:2)
  3 goblins (D:2)
  A hobgoblin (D:2)
  5 kobolds
56 creatures vanquished.

Vanquished Creatures (others)
  An electric eel (D:7)
  9 hexers
  An ancestor (D:6)
  A fungus (D:6)
  A plant (D:11)
13 creatures vanquished.

Grand Total: 276 creatures vanquished

Notes
Turn   | Place    | Note
-------+----------+-------------------------------------------
     0 | D:1      | Artool the Demonspawn Gladiator began the quest for the
                  | Orb.
     0 | D:1      | Reached XP level 1. HP: 16/16 MP: 1/1
   566 | D:1      | Gained mutation: A weak demonic guardian rushes to your
                  | aid. [demonic ancestry]
   566 | D:1      | Reached XP level 2. HP: 18/22 MP: 2/2
  1254 | D:1      | Found a faded altar of an unknown god.
  1664 | D:2      | Reached skill level 1 in Armour
  1666 | D:2      | Noticed Natasha
  1675 | D:2      | Killed Natasha
  1676 | D:2      | Gained mutation: A demonic guardian rushes to your aid.
                  | [demonic ancestry]
  1676 | D:2      | Reached XP level 3. HP: 11/28 MP: 3/3
  1702 | D:2      | Noticed Natasha
  1709 | D:2      | Killed Natasha
  1710 | D:2      | Reached XP level 4. HP: 12/34 MP: 4/4
  2270 | D:2      | Noticed Natasha
  2280 | D:2      | Killed Natasha
  2281 | D:2      | Reached skill level 3 in Fighting
  2632 | D:2      | Gained mutation: You are partially covered in molten
                  | scales. (AC +2) [demonic ancestry]
  2632 | D:2      | Reached XP level 5. HP: 28/41 MP: 5/5
  3045 | D:2      | Noticed Robin
  3064 | D:2      | Killed Robin
  3281 | D:3      | Noticed a phantom
  3301 | D:2      | Killed a phantom
  3439 | D:3      | Gained mutation: Your demonic aura sometimes causes spilled
                  | blood to erupt in flames. [demonic ancestry]
  3439 | D:3      | Reached XP level 6. HP: 42/47 MP: 6/6
  3959 | D:3      | Found an ancient bone altar of Kikubaaqudgha.
  4106 | D:4      | Found a staircase to the Ecumenical Temple.
  4194 | Temple   | Entered the Ecumenical Temple
  4200 | Temple   | Became a worshipper of Hepliaklqana the Forgotten
  5404 | D:5      | Entered Level 5 of the Dungeon
  5413 | D:5      | Found Xilah's Self-Improvement Boutique.
  5472 | D:5      | Reached skill level 4 in Fighting
  5517 | D:5      | Reached * piety under Hepliaklqana
  5518 | D:5      | Noticed an ice beast
  5637 | D:5      | Noticed a water moccasin
  5651 | D:5      | Killed a water moccasin
  5652 | D:5      | Gained mutation: You have sharp fingernails. [demonic
                  | ancestry]
  5652 | D:5      | Reached XP level 7. HP: 23/48 MP: 7/7
  5954 | D:5      | Found a large runed translucent door.
  5954 | D:5      | Found a large runed translucent door.
  6032 | D:5      | Identified the +7 short sword "Liddafeq" {chaos, rC+}
  6569 | D:5      | Found a shimmering altar of Xom.
  6577 | D:5      | Reached skill level 5 in Fighting
  6577 | D:5      | Reached skill level 5 in Maces & Flails
  6577 | D:5      | Reached skill level 5 in Dodging
  6577 | D:5      | Reached XP level 8. HP: 55/55 MP: 8/8
  7471 | D:6      | Reached ** piety under Hepliaklqana
  7472 | D:6      | Remembered your ancestor Zosia as a hexer
  7548 | D:6      | Found a runed translucent door.
  7549 | D:6      | Noticed Crazy Yiuf
  7954 | D:6      | Killed Crazy Yiuf
  8185 | D:7      | Noticed a hornet
  8193 | D:6      | Killed a hornet
  8194 | D:6      | Reached skill level 6 in Fighting
  8194 | D:6      | Reached skill level 5 in Armour
  8507 | D:6      | Gained mutation: You have very sharp fingernails. [demonic
                  | ancestry]
  8507 | D:6      | Reached XP level 9. HP: 28/62 MP: 9/9
  8859 | D:7      | Found an ornate altar of the Wu Jian Council.
  9054 | D:7      | Found a shadowy altar of Dithmenos.
  9095 | D:7      | Noticed Menkaure
  9101 | D:7      | Killed Menkaure
 10020 | D:8      | Noticed Grum
 10033 | D:8      | Reached skill level 7 in Fighting
 10742 | D:8      | Found a snail-covered altar of Cheibriados.
 10884 | D:8      | Killed Grum
 11210 | D:8      | Reached *** piety under Hepliaklqana
 11365 | D:9      | Identified the +0 leather armour of Card Tricks {Rampage
                  | +Inv Stlth+}
 11413 | D:9      | Noticed a two-headed ogre
 11676 | D:9      | Reached XP level 10. HP: 62/71 MP: 10/10
 12038 | D:10     | Entered Level 10 of the Dungeon
 12145 | D:10     | Reached skill level 8 in Fighting
 12262 | D:9      | Killed a two-headed ogre
 13413 | D:10     | Found a staircase to the Orcish Mines.
 14498 | Orc:1    | Entered Level 1 of the Orcish Mines
 14505 | Orc:1    | Found Qufetism's Armour Shoppe.
 14526 | Orc:1    | Noticed an orc warlord
 14578 | D:11     | Noticed Sonja
 14584 | D:11     | Killed Sonja
 14924 | D:11     | Reached XP level 11. HP: 61/78 MP: 11/11
 15003 | D:11     | Noticed a two-headed ogre
 15009 | D:11     | Found a staircase to the Lair.
 15013 | D:11     | Killed a two-headed ogre
 15023 | D:11     | Reached skill level 9 in Fighting
 15039 | D:11     | Reached **** piety under Hepliaklqana
 15050 | Lair:1   | Entered Level 1 of the Lair of Beasts
 15239 | D:12     | Noticed a six-headed hydra
 15657 | D:11     | Noticed Gastronok
 15672 | D:11     | Killed Gastronok
 16002 | D:11     | Found a blossoming altar of Fedhas.
 16023 | D:11     | Noticed an oklob plant
 16101 | D:11     | Slain by a cane toad

Illustrated notes

Levels and vault maps discovered:
D:1:      dpeg_arrival_water_fire, layout_loops_corners,
          hellmonk_ecumenical_altar_slurped_away, serial_park_tiny_1,
          minmay_misc_feat_hallway
D:2:      layout_basic, uniq_robin, uniq_natasha
D:3:      layout_rooms, kiku_gazebo_garden_becter
D:4:      layout_loops_cross, minmay_temple_entry_glass
D:5:      due_chaos_kobolds, layout_basic, mrwooster_statue_mirror,
          nicolae_shop_self_help
D:6:      layout_basic, uniq_crazy_yiuf_cottage
D:7:      layout_cave_pools, mainiacjoe_overflow_cross_hatched,
          mainiacjoe_overflow_24_doors, grunt_ministairs_12,
          kennysheep_cluttered_room, minmay_hedge_maze, kennysheep_boxes,
          uniq_menkaure
D:8:      layout_rooms, mainiacjoe_overflow_boulevard, kennysheep_path_1,
          serial_bayou_pond_d, minivault_19, uniq_grum
D:9:      layout_rooms, hex_large
D:10:     layout_roguey, david_orc_3, kennysheep_generic_room_11
D:11:     layout_gridville, lair_entry_dummy, tgw_fedhas, uniq_sonja,
          uniq_gastronok
D:12:     layout_big_octagon, enter_trove_1, grunt_ministairs_10,
          dreamdust_mushroom_princess
Temple:   eino_narrow_crystal_temple
Lair:1:   lemuel_slime, layout_misc_corridors, minmay_shattered_shrine
Orc:1:    nicolae_orc_accident_3, layout_caves, serial_shops, shop_statue,
          minmay_orc_treasury

Skill      XL: |  1  2  3  4  5  6  7  8  9 10 11 |
---------------+----------------------------------+-----
Dodging        | 3 4 5 6 7 8 |  8.9
Maces & Flails | 3 4 5 6 7 8 |  8.9
Armour         | 1 2 3 4 5 6 7 8 |  8.3
Fighting       | 3 4 5 6 7 8 9 |  9.4
Throwing       | |  1.7

Action                   |  1- 3 |  4- 6 |  7- 9 | 10-12 || total
-------------------------+-------+-------+-------+-------++-------
Melee: Flail             |    89 |   171 |       |       ||   260
       Punch             |       |     3 |       |       ||     3
       Mace              |       |    63 |   216 |   151 ||   430
       Dire flail        |       |       |       |   107 ||   107
Throw: Boomerang         |       |       |     3 |     2 ||     5
Invok: Ancestor Identity |       |     1 |       |       ||     1
       Ancestor Life: He |       |       |     1 |       ||     1
       Recall Ancestor   |       |       |       |     2 ||     2
 Stab: Sleeping          |     1 |       |       |     2 ||     3
       Distracted        |     1 |       |     3 |     4 ||     8
       Confused          |       |       |     3 |     8 ||    11
Armor: Leather armour    |    40 |    86 |    72 |    47 ||   245
Dodge: Dodged            |    71 |   186 |   184 |   219 ||   660
       Repelled          |       |       |     3 |     4 ||     7
